| TOP OF THE 1ST |
|
Lakeland Pilots batting - Pitching for West Palm Beach Expos : RHP Carlos Montano
|
|
Pitching: RHP Carlos Montano
|
|
|
Batting: RHB Dave C Anderson
|
0-0: Ball 1-0: Fly out, F7 (Flyball, 7LD, EV 108.8 MPH)
|
|
Batting: RHB Rusty Tillman
|
0-0: Ball 1-0: Ball 2-0: Called Strike 2-1: Fly out, F8 (Flyball, 78D, EV 110.0 MPH)
|
|
Batting: SHB Mike D Young
|
0-0: Called Strike 0-1: Ball 1-1: Foul Ball, location: 2F 1-2: Ball 2-2: Foul Ball, location: 2F 2-2: Ball 3-2: SINGLE (Line Drive, 9S, EV 96.9 MPH)
|
|
Batting: LHB Mike Laga
|
0-0: Fly out, F2 (Popup, 23F, EV 88.8 MPH)
|
| Top of the 1st over - 0 runs, 1 hit, 0 errors, 1 left on base; Lakeland 0 - West Palm Beach 0 |
| BOTTOM OF THE 1ST |
|
West Palm Beach Expos batting - Pitching for Lakeland Pilots : LHP Mike J Ramsey
|
|
Pitching: LHP Mike J Ramsey
|
|
|
Batting: RHB Roland Oruna
|
0-0: Fly out, F9 (Flyball, 89M, EV 88.8 MPH)
|
|
Batting: SHB Terry Pendleton
|
0-0: Ball 1-0: SINGLE (Groundball, 56D, EV 102.5 MPH)
|
|
Batting: LHB Keith Hughes
|
0-0: Called Strike Terry Pendleton is caught stealing 2nd base 2-6 0-1: Ball 1-1: Ball 2-1: Ground out 4-3 (Groundball, 4, EV 101.3 MPH)
|
| Bottom of the 1st over - 0 runs, 1 hit, 0 errors, 0 left on base; Lakeland 0 - West Palm Beach 0 |
| TOP OF THE 2ND |
|
Lakeland Pilots batting - Pitching for West Palm Beach Expos : RHP Carlos Montano
|
|
Batting: LHB Larry Ray
|
0-0: Fly out, F4 (Popup, 4, EV 60.6 MPH)
|
|
Batting: RHB Eugeniuo Cotes
|
0-0: Called Strike 0-1: Swinging Strike 0-2: Ball 1-2: Ball 2-2: Strikes out looking
|
|
Batting: RHB Vernon Armstead
|
0-0: Called Strike 0-1: Ground out 4-3 (Groundball, 4, EV 81.9 MPH)
|
| Top of the 2nd over - 0 runs, 0 hits, 0 errors, 0 left on base; Lakeland 0 - West Palm Beach 0 |
| BOTTOM OF THE 2ND |
|
West Palm Beach Expos batting - Pitching for Lakeland Pilots : LHP Mike J Ramsey
|
|
Batting: RHB Steve Kiefer
|
0-0: Called Strike 0-1: Ball 1-1: Ball 2-1: Ball 3-1: Called Strike 3-2: Foul Ball, location: 2F 3-2: TRIPLE (Line Drive, 89XD, EV 103.1 MPH)
|
|
Batting: RHB Matthew Gundelfinger
|
0-0: Ball 1-0: Ball 2-0: Ball 3-0: Base on Balls
|
|
Batting: RHB Humberto Cardenas
|
0-0: Called Strike 0-1: Ball 1-1: Ball 2-1: Called Strike 2-2: Strikes out swinging Matthew Gundelfinger steals 2nd base (no throw) Batter strikes out.
|
|
Batting: LHB Jesus Alfes
|
0-0: Hit by Pitch
|
|
Batting: RHB Pat Adams
|
0-0: Foul Ball, location: 2F 0-1: Ball 1-1: Foul Ball, location: 2F 1-2: Foul Ball, location: 2F 1-2: Foul Ball, location: 2F 1-2: Ground out 6-3 (Groundball, 6S, EV 70.0 MPH) Steve Kiefer scores Matthew Gundelfinger to third Jesus Alfes to second
|
|
Batting: SHB Jerry Castillo
|
0-0: Ball 1-0: Ball 2-0: Ball 3-0: Base on Balls
|
|
Batting: RHB Roland Oruna
|
0-0: Ball 1-0: Called Strike 1-1: Foul Ball, location: 2F 1-2: Ball 2-2: Foul Ball, location: 2F 2-2: Foul Ball, location: 2F 2-2: Ball 3-2: Fly out, F8 (Flyball, 8LXD, EV 97.5 MPH)
|
| Bottom of the 2nd over - 1 run, 1 hit, 0 errors, 3 left on base; Lakeland 0 - West Palm Beach 1 |
| TOP OF THE 3RD |
|
Lakeland Pilots batting - Pitching for West Palm Beach Expos : RHP Carlos Montano
|
|
Batting: SHB Alphonso Eiland
|
0-0: Ball 1-0: Foul Ball, location: 2F 1-1: Foul Ball, location: 2F 1-2: Ball 2-2: Ground out 4-3 (Groundball, 4, EV 85.0 MPH)
|
|
Batting: RHB Dennis Delany
|
0-0: Ball 1-0: Ball 2-0: Ball 3-0: Called Strike 3-1: Called Strike 3-2: SINGLE (Groundball, 6MD, EV 106.3 MPH)
|
|
Batting: RHB Dave C Anderson
|
0-0: Ball 1-0: Called Strike 1-1: Ball 2-1: Swinging Strike 2-2: Fly out, F8 (Line Drive, 8LM, EV 93.1 MPH)
|
|
Batting: RHB Rusty Tillman
|
0-0: Foul Ball, location: 2F 0-1: Ball 1-1: Fly out, F1 (Line Drive, P, EV 75.0 MPH)
|
| Top of the 3rd over - 0 runs, 1 hit, 0 errors, 1 left on base; Lakeland 0 - West Palm Beach 1 |
| BOTTOM OF THE 3RD |
|
West Palm Beach Expos batting - Pitching for Lakeland Pilots : LHP Mike J Ramsey
|
|
Batting: SHB Terry Pendleton
|
0-0: Swinging Strike 0-1: SINGLE (Groundball, 4D, EV 100.0 MPH)
|
|
Batting: LHB Keith Hughes
|
0-0: Ball 1-0: Foul Ball, location: 2F 1-1: Ball 2-1: Ball 3-1: Called Strike 3-2: Foul Ball, location: 2F 3-2: Fly out, F8 (Flyball, 8LM, EV 86.3 MPH)
|
|
Batting: RHB Steve Kiefer
|
0-0: Ball 1-0: Ball 2-0: Called Strike 2-1: SINGLE (Line Drive, 78M, EV 94.4 MPH) Terry Pendleton to second Runner from 2nd tries for 3rd, SAFE, throw by CF made to third
|
|
Batting: RHB Matthew Gundelfinger
|
0-0: Called Strike Steve Kiefer steals 2nd base 0-1: Ball 1-1: Swinging Strike 1-2: Strikes out looking
|
|
Batting: RHB Humberto Cardenas
|
0-0: Ball 1-0: Ball 2-0: Ball 3-0: Called Strike 3-1: Fly out, F6 (Popup, 4M, EV 70.6 MPH)
|
| Bottom of the 3rd over - 0 runs, 2 hits, 0 errors, 2 left on base; Lakeland 0 - West Palm Beach 1 |
| TOP OF THE 4TH |
|
Lakeland Pilots batting - Pitching for West Palm Beach Expos : RHP Carlos Montano
|
|
Batting: SHB Mike D Young
|
0-0: Ground out 4-3 (Groundball, 4, EV 101.9 MPH)
|
|
Batting: LHB Mike Laga
|
0-0: Called Strike 0-1: Foul Ball, location: 2F 0-2: Ball 1-2: Foul Ball, location: 2F 1-2: SINGLE (Groundball, 34D, EV 96.3 MPH)
|
|
Batting: LHB Larry Ray
|
0-0: Ball 1-0: Called Strike 1-1: Ball 2-1: Swinging Strike 2-2: Ball 3-2: Grounds into double play, 5-4-3 (Groundball, 5, EV 101.9 MPH)
|
| Top of the 4th over - 0 runs, 1 hit, 0 errors, 0 left on base; Lakeland 0 - West Palm Beach 1 |
| BOTTOM OF THE 4TH |
|
West Palm Beach Expos batting - Pitching for Lakeland Pilots : LHP Mike J Ramsey
|
|
Batting: LHB Jesus Alfes
|
0-0: Fly out, F8 (Flyball, 8RD, EV 89.4 MPH)
|
|
Batting: RHB Pat Adams
|
0-0: Called Strike 0-1: Ball 1-1: Foul Ball, location: 2F 1-2: Strikes out looking
|
|
Batting: SHB Jerry Castillo
|
0-0: Ball 1-0: Foul Ball, location: 2F 1-1: Fly out, F6 (Line Drive, 6, EV 67.5 MPH)
|
| Bottom of the 4th over - 0 runs, 0 hits, 0 errors, 0 left on base; Lakeland 0 - West Palm Beach 1 |
| TOP OF THE 5TH |
|
Lakeland Pilots batting - Pitching for West Palm Beach Expos : RHP Carlos Montano
|
|
Batting: RHB Eugeniuo Cotes
|
0-0: Swinging Strike 0-1: Ball 1-1: Foul Ball, location: 2F 1-2: Foul Ball, location: 2F 1-2: Foul Ball, location: 2F 1-2: Ball 2-2: Ground out 4-3 (Groundball, 4, EV 84.4 MPH)
|
|
Batting: RHB Vernon Armstead
|
0-0: Ball 1-0: Called Strike 1-1: Called Strike 1-2: Ball 2-2: Strikes out looking
|
|
Batting: SHB Alphonso Eiland
|
0-0: Called Strike 0-1: Ball 1-1: Foul Ball, location: 2F 1-2: SINGLE (Groundball, 56S, EV 73.8 MPH) (infield hit)
|
|
Batting: RHB Dennis Delany
|
0-0: Ball Alphonso Eiland is caught stealing 2nd base 2-4
|
| Top of the 5th over - 0 runs, 1 hit, 0 errors, 0 left on base; Lakeland 0 - West Palm Beach 1 |
| BOTTOM OF THE 5TH |
|
West Palm Beach Expos batting - Pitching for Lakeland Pilots : LHP Mike J Ramsey
|
|
Batting: RHB Roland Oruna
|
0-0: SINGLE (Flyball, 34D, EV 86.9 MPH)
|
|
Batting: SHB Terry Pendleton
|
0-0: Ball 1-0: SINGLE (Groundball, 56D, EV 97.5 MPH) Roland Oruna to second
|
|
Batting: LHB Keith Hughes
|
0-0: Ball 1-0: Ball Wild Pitch! Roland Oruna to third Terry Pendleton to second 2-0: Ball 3-0: Called Strike 3-1: Fly out, F7 (Flyball, 78D, EV 93.1 MPH) Runner from 3rd tags up, SCORES, throw by LF Terry Pendleton to third
|
|
Batting: RHB Steve Kiefer
|
0-0: Ball 1-0: Called Strike 1-1: Swinging Strike 1-2: Foul Ball, location: 2F 1-2: Strikes out swinging
|
|
Batting: RHB Matthew Gundelfinger
|
0-0: Ball 1-0: Foul Ball, location: 2F 1-1: Foul Ball, location: 2F 1-2: Ball 2-2: Ground out 6-3 (Groundball, 56, EV 82.5 MPH)
|
| Bottom of the 5th over - 1 run, 2 hits, 0 errors, 1 left on base; Lakeland 0 - West Palm Beach 2 |
| TOP OF THE 6TH |
|
Lakeland Pilots batting - Pitching for West Palm Beach Expos : RHP Carlos Montano
|
|
Batting: RHB Dennis Delany
|
0-0: SINGLE (Groundball, 56D, EV 98.1 MPH)
|
|
Batting: RHB Dave C Anderson
|
0-0: Fly out, F4 (Flyball, 34D, EV 86.9 MPH)
|
|
Batting: RHB Rusty Tillman
|
0-0: Called Strike 0-1: Grounds into double play, 5-4-3 (Groundball, 56, EV 88.1 MPH)
|
| Top of the 6th over - 0 runs, 1 hit, 0 errors, 0 left on base; Lakeland 0 - West Palm Beach 2 |
| BOTTOM OF THE 6TH |
|
West Palm Beach Expos batting - Pitching for Lakeland Pilots : LHP Mike J Ramsey
|
|
Batting: RHB Humberto Cardenas
|
0-0: Called Strike 0-1: Swinging Strike 0-2: Ball 1-2: Fly out, F9 (Flyball, 9S, EV 89.4 MPH)
|
|
Batting: LHB Jesus Alfes
|
0-0: SINGLE (Groundball, 34D, EV 106.9 MPH)
|
|
Batting: RHB Pat Adams
|
0-0: Ball 1-0: Foul Ball, location: 2F 1-1: SINGLE (Line Drive, 8LS, EV 91.9 MPH) Jesus Alfes to second
|
|
Batting: SHB Jerry Castillo
|
0-0: Foul Ball, location: 2F 0-1: Ball 1-1: Foul Ball, location: 2F 1-2: Foul Ball, location: 2F 1-2: Foul Ball, location: 2F 1-2: Foul Ball, location: 2F 1-2: Ball 2-2: Ball 3-2: Grounds into double play, 5-4-3 (Groundball, 56S, EV 76.9 MPH)
|
| Bottom of the 6th over - 0 runs, 2 hits, 0 errors, 1 left on base; Lakeland 0 - West Palm Beach 2 |
| TOP OF THE 7TH |
|
Lakeland Pilots batting - Pitching for West Palm Beach Expos : RHP Carlos Montano
|
|
Batting: SHB Mike D Young
|
0-0: Foul Ball, location: 2F 0-1: Fly out, F9 (Flyball, 9D, EV 105.0 MPH)
|
|
Batting: LHB Mike Laga
|
0-0: Ball 1-0: Called Strike 1-1: Ball 2-1: SOLO HOME RUN (Flyball, 9D, EV 87.5 MPH), Distance : 364 ft
|
|
Batting: LHB Larry Ray
|
0-0: Ground out 6-3 (Groundball, 6MD, EV 85.0 MPH)
|
|
Batting: RHB Eugeniuo Cotes
|
0-0: Called Strike 0-1: Foul Ball, location: 2F 0-2: Foul Ball, location: 2F 0-2: Fly out, F4 (Popup, 4, EV 74.4 MPH)
|
| Top of the 7th over - 1 run, 1 hit, 0 errors, 0 left on base; Lakeland 1 - West Palm Beach 2 |
| BOTTOM OF THE 7TH |
|
West Palm Beach Expos batting - Pitching for Lakeland Pilots : LHP Mike J Ramsey
|
|
Batting: RHB Roland Oruna
|
0-0: Ball 1-0: Swinging Strike 1-1: Called Strike 1-2: Foul Ball, location: 2F 1-2: Ball 2-2: Fly out, F6 (Flyball, 6MD, EV 86.9 MPH)
|
|
Batting: SHB Terry Pendleton
|
0-0: Ball 1-0: Called Strike 1-1: Foul Ball, location: 2F 1-2: Ball 2-2: Strikes out swinging
|
|
Batting: LHB Keith Hughes
|
0-0: Fly out, F8 (Line Drive, 8RM, EV 104.4 MPH)
|
| Bottom of the 7th over - 0 runs, 0 hits, 0 errors, 0 left on base; Lakeland 1 - West Palm Beach 2 |
| TOP OF THE 8TH |
|
Lakeland Pilots batting - Pitching for West Palm Beach Expos : RHP Carlos Montano
|
|
Batting: RHB Vernon Armstead
|
0-0: Called Strike 0-1: SINGLE (Groundball, 56D, EV 100.6 MPH)
|
|
Pinch Hitting: LHB Randy S Johnson
|
0-0: Ball 1-0: Ball 2-0: Ball 3-0: Base on Balls Vernon Armstead to second
|
|
Batting: RHB Dennis Delany
|
0-0: Fly out, F8 (Flyball, 8RD, EV 96.3 MPH) Runner from 2nd tags up, SAFE at 3rd with throw by CF
|
|
Batting: RHB Dave C Anderson
|
0-0: Ball 1-0: Called Strike 1-1: Foul Ball, location: 2F 1-2: Ball 2-2: Foul Ball, location: 2F 2-2: Ball 3-2: SINGLE (Flyball, 4MD, EV 94.4 MPH) Vernon Armstead scores Randy S Johnson to second
|
|
Batting: RHB Rusty Tillman
|
0-0: Foul Ball, location: 2F 0-1: Grounds into double play, 6-4-3 (Groundball, 6, EV 89.4 MPH)
|
| Top of the 8th over - 1 run, 2 hits, 0 errors, 1 left on base; Lakeland 2 - West Palm Beach 2 |
| BOTTOM OF THE 8TH |
|
West Palm Beach Expos batting - Pitching for Lakeland Pilots : LHP Mike J Ramsey
|
|
Now at SS: Alex Sanchez
|
|
|
Batting: RHB Steve Kiefer
|
0-0: Called Strike 0-1: Ball 1-1: Fly out, F6 (Popup, 6MS, EV 68.8 MPH)
|
|
Batting: RHB Matthew Gundelfinger
|
0-0: Called Strike 0-1: Ball 1-1: Foul Ball, location: 2F 1-2: Strikes out swinging
|
|
Batting: RHB Humberto Cardenas
|
0-0: Ball 1-0: Called Strike 1-1: Fly out, F4 (Popup, 4MD, EV 60.6 MPH)
|
| Bottom of the 8th over - 0 runs, 0 hits, 0 errors, 0 left on base; Lakeland 2 - West Palm Beach 2 |
| TOP OF THE 9TH |
|
Lakeland Pilots batting - Pitching for West Palm Beach Expos : RHP Carlos Montano
|
|
Pitching: RHP Michael Vint
|
|
|
Batting: SHB Mike D Young
|
0-0: Ball 1-0: Foul Ball, location: 2F 1-1: Ground out 3-1 (Groundball, 34D, EV 77.5 MPH)
|
|
Batting: LHB Mike Laga
|
0-0: SOLO HOME RUN (Flyball, 7LD, EV 96.9 MPH), Distance : 363 ft
|
|
Batting: LHB Larry Ray
|
0-0: Called Strike 0-1: Fly out, F4 (Line Drive, 4, EV 72.5 MPH)
|
|
Batting: RHB Eugeniuo Cotes
|
0-0: Ball 1-0: SINGLE (Line Drive, 9S, EV 103.1 MPH)
|
|
Batting: RHB Vernon Armstead
|
0-0: Ball 1-0: Called Strike 1-1: Called Strike 1-2: Foul Ball, location: 2F 1-2: Ball 2-2: Ball 3-2: Strikes out swinging
|
| Top of the 9th over - 1 run, 2 hits, 0 errors, 1 left on base; Lakeland 3 - West Palm Beach 2 |
| BOTTOM OF THE 9TH |
|
West Palm Beach Expos batting - Pitching for Lakeland Pilots : LHP Mike J Ramsey
|
|
Pitching: RHP Joe Boever
|
|
|
Now at 1B: Victor Saenz
|
|
|
Batting: LHB Jesus Alfes
|
0-0: Called Strike 0-1: Ball 1-1: Swinging Strike 1-2: Fly out, F7 (Flyball, 7LS, EV 92.5 MPH)
|
|
Pinch Hitting: SHB Mark Pirruccello
|
0-0: Fly out, F7 (Flyball, 7LM, EV 91.9 MPH)
|
|
Batting: SHB Jerry Castillo
|
0-0: Ball 1-0: Called Strike 1-1: Ball 2-1: Fly out, F9 (Line Drive, 9D, EV 96.3 MPH)
|
| Bottom of the 9th over - 0 runs, 0 hits, 0 errors, 0 left on base; Lakeland 3 - West Palm Beach 2 |
|